Unix NetHack Version 5.0.0-0 post-release - last build May 23 2026 06:08:33 (1c0ff79ee797540d5714e4e18072db0edd9e58ae,branch:main).

Game began 2026-05-24 00:18:54, ended 2026-05-24 23:20:00.

Ch3Begorrah, chaotic male human Rogue

                                                           ##
                                                   -------####f#      -------
                                                  #|**<...####@f     .......|
                                              #*###**.0..|#              ..>|
                                              # #  -------#              ----
                                               ############
                                                #

Ch3Begorrah the Rogue   St:14 Dx:17 Co:15 In:9 Wi:12 Ch:10  Chaotic
Dlvl:9  $:151 HP:0(34) Pw:29(29) AC:4  Xp:6 T:3749 

Latest messages:
 You descend the stairs.
 The crocodile bites!
 The crocodile hits!
 You climb up the stairs.
 What do you want to drink? [dksyzO or ?*] ?
 Never mind.
 What do you want to drop? [$b-fh-ln-uwyzAGI-KM-TWYZ or ?*] <esc>
 Never mind.
 You feel an unexpected draft.
 You hear crashing rock.
 You are in full health.
 You descend the stairs.
 The housecat misses the crocodile.
 What do you want to zap? [MPQ or ?*] ?
 In what direction? l
 The crocodile seems to be moving slower.
 The housecat misses the crocodile.
 The crocodile bites!
 The crocodile hits!
 It bites the crocodile.
 The crocodile misses it.
 The crocodile hits it.
 You see here 34 rocks.
 There is a doorway here.
 You see here 61 rocks.
 You see here 41 rocks.
 You hear some noises in the distance.
 You hit the lynx.
 The lynx hits!
 The lynx hits again!
 The lynx bites!
 What do you want to drink? [dksyzO or ?*] ?
 You feel better.
 The lynx hits!
 The lynx hits again!
 The lynx bites!
 The lynx hits!
 The lynx hits again!
 The lynx bites!
 What do you want to write with? [- bilopuwMPQSTYZ or ?*] -
 You write in the dust with your fingertip.
 What do you want to write in the dust here? Elbereth
 The lynx hits!
 The lynx hits again!
 The lynx bites!
 The lynx hits!
 The lynx hits again!
 The lynx bites!
 You die...
 Do you want your possessions identified? [ynq] (y) q

Inventory:
 Coins    ('$')
  $ - 151 gold pieces
 Weapons  (')')
  b - 7 +0 daggers (at the ready)
  S - a cursed +0 dagger
  u - a +1 long sword (weapon in right hand)
 Armor    ('[')
  n - an uncursed +0 orcish helm (being worn)
  t - an uncursed +0 pair of leather gloves named cheap (being worn)
  N - an uncursed +0 elven cloak (being worn)
  c - an uncursed +1 leather armor (being worn)
 Comestibles  ('%')
  A - an uncursed carrot
  G - 4 uncursed food rations
  R - an uncursed fortune cookie
  j - an uncursed lichen corpse
  q - an uncursed lizard corpse
 Scrolls  ('?')
  h - an uncursed scroll of enchant armor named ok
  J - a cursed scroll of enchant armor
  I - a blessed scroll of enchant weapon
  r - an uncursed scroll of identify
  K - an uncursed scroll of teleportation
 Potions  ('!')
  s - an uncursed potion of acid
  y - a blessed potion of booze
  O - an uncursed potion of gain energy
  d - an uncursed potion of sickness
  z - 2 uncursed potions of water
 Rings    ('=')
  w - an uncursed ring of free action (on left hand)
 Wands    ('/')
  P - a wand of light (0:14)
  Q - a wand of slow monster (0:3)
  M - a wand of teleportation (0:3)
 Tools    ('(')
  f - an uncursed sack containing 4 items
  e - an uncursed lock pick
  W - an uncursed magic whistle
 Gems/Stones  ('*')
  i - an uncursed jade stone
  T - an uncursed worthless piece of black glass
  l - an uncursed worthless piece of green glass
  Y - 2 cursed worthless pieces of orange glass
  p - an uncursed worthless piece of red glass
  Z - a cursed worthless piece of red glass
  o - 2 uncursed worthless pieces of violet glass

Contents of the sack:
  106 gold pieces
  a blessed scroll of remove curse
  an uncursed scroll of remove curse
  a +0 pick-axe

Ch3Begorrah the Rogue's attributes:

Background:
 You were a Rogue, level 6 male human.
 You were chaotic, nominally on a mission for Kos
 who was opposed by Issek (lawful) and Mog (neutral).
 You were right-handed.
 You were in the Dungeons of Doom, on level 9.
 You entered the dungeon 3749 turns ago.
 It was nighttime.
 You had 388 experience points, 252 more were needed to attain level 7.

Basics:
 You had 0 out of 34 hit points.
 You had all 29 energy points (spell power).
 Your armor class was 4.
 Your wallet contained 151 zorkmids, and
 you had 106 more stashed away in your pack.
 Autopickup was on for '$!/(' plus thrown, with exceptions.

Final Characteristics:
 Your strength was 14 (limit:18/100).
 Your dexterity was 17 (limit:18).
 Your constitution was 15 (limit:18).
 Your intelligence was 9 (limit:18).
 Your wisdom was 12 (limit:18).
 Your charisma was 10 (limit:18).

Final Status:
 You weren't hungry.
 You were unencumbered.
 You were wielding a long sword.
 You had basic skill with long sword.

Final Attributes:
 You were piously aligned.
 You were stealthy.
 You were warded.
 You had free action.
 You are dead.

Miscellaneous:
 You encountered 1 bones level.
 Total elapsed playing time was 1 hour, 26 minutes and 2 seconds.

Major events:
 Turn
    1: Ch3Begorrah the chaotic male human Rogue entered the dungeon
  710: entered the Gnomish Mines
  723: attained the rank of Cutpurse (level 3)
 3401: attained the rank of Rogue (level 6)
 3749: killed by a lynx

You didn't know any spells.

Skills:
 Fighting Skills
   bare handed combat [Unskilled]
   two weapon combat  [Unskilled]
   riding             [Unskilled]
 Weapon Skills
   dagger             [Skilled]
   knife              [Unskilled]
   short sword        [Basic]
   broadsword         [Unskilled]
   long sword         [Basic]
   two-handed sword   [Unskilled]
   saber              [Unskilled]
   club               [Unskilled]
   mace               [Unskilled]
   morning star       [Unskilled]
   flail              [Unskilled]
   hammer             [Unskilled]
   polearms           [Unskilled]
   spear              [Unskilled]
   crossbow           [Unskilled]
   dart               [Unskilled]
   shuriken           [Unskilled]
 Spellcasting Skills
   divination spells  [Unskilled]
   escape spells      [Unskilled]
   matter spells      [Unskilled]

Voluntary challenges:
 Character rerolling was not enabled.
 You followed a strict vegan diet.
 You were an atheist.
 You never genocided any monsters.
 You never polymorphed an object.
 You never changed form.
 You used no wishes.
Achievements:
 You entered the Gnomish Mines.
 You attained the rank of Cutpurse.
 You entered a shop.
 You attained the rank of Rogue.

 The Dungeons of Doom: levels 1 to 9
    Level 1:
       Many fountains.
    Level 2:
       A general store, a fountain.
       Stairs down to The Gnomish Mines.
    Level 3:
       A general store.
    Level 4:
       A fountain.
    Level 5:
       A throne, some fountains.
    Level 6:
       A potion shop, an altar to Kos, a fountain.
    Level 7:
       A throne.
    Level 8:
    Level 9: <- You were here.
       Final resting place for
          you, killed by a lynx,
          SpockMan02-Wiz-Hum-Fem-Neu, killed by a crocodile.
 The Gnomish Mines:
    Level 3:


Vanquished creatures:
  a leprechaun
  a lizard
  a blue jelly
  a dust vortex
  a wood nymph
  a rock piercer
  a shrieker
  a gnome leader
  a kitten
  4 dwarves
  a werejackal
 an iguana
  a coyote
  2 large kobolds
  a hobgoblin
  a cave spider
  a brown mold
  2 yellow molds
  4 gnomes
  4 garter snakes
  3 geckos
  3 jackals
  a fox
  3 kobolds
  3 goblins
  9 grid bugs
  a bat
  3 lichens
  a kobold zombie
  5 newts
63 creatures vanquished.

No species were genocided or became extinct.

Game over:
                       ----------
                      /          \
                     /    REST    \
                    /      IN      \
                   /     PEACE      \
                  /                  \
                  |   Ch3Begorrah    |
                  |      257 Au      |
                  | killed by a lynx |
                  |                  |
                  |                  |
                  |                  |
                  |       2026       |
                 *|     *  *  *      | *
        _________)/\\_//(\/(/\)/\//\/|_)_______

Goodbye Ch3Begorrah the Rogue...

You died in The Dungeons of Doom on dungeon level 9 with 2224 points,
and 257 pieces of gold, after 3749 moves.
You were level 6 with a maximum of 34 hit points when you died.

